Unix NetHack Version 5.0.0-0 post-release - last build Jun 10 2026 00:39:30 (3ee93aec679c4c4259841fe613dc97188e26a321,branch:main).

Game began 2026-06-15 13:39:09, ended 2026-06-15 13:44:40.

LDaviesPeters, neutral female human Archeologist

        ----------
        |.....>..|          -------                           -------------
        |....(....#         |.....|                           |{..........|
        |........|#     ####......-##                        #............|
        -.-.------#######   |.....| #                        #|...........|
           #      #         ---.--- #                        #---------|---
    -.---  ###    #           ##    #                       ##         #
   --...--   #    #           #     #                      ##          #
  --.....--  #    #           #     ### ----------------   #           #
  |......>|  ### ##      ######       ##|..............|   #           #
  |.......-####  #########             #|..............|   #        #@##
  |.......|   ##    #  ####            #|...............####        #
  --.(...--    ###  ##-.--+----        #-..............|            .
   --...--       ###`#-.......|         ----------------           ..
    -----            #|.......|                                    %]%
                     #......<.|                                    !%%
                      ---------                                    (%%%
                                                                   %%(%
                                                                  ------

LDaviesPeters the Digger   St:10 Dx:7 Co:15 In:18 Wi:17 Ch:9  Neutral
Dlvl:2  $:0  HP:0(13) Pw:2(2) AC:9  Xp:1 T:693 

Latest messages:
 In what direction? 8
 You kick an arrow.
 In what direction? 8
 You kick an arrow.
 In what direction? 8
 You kick an arrow.
 In what direction? 8
 You kick an arrow.
 In what direction? 8
 You kick an arrow.
 In what direction? 8
 You kick an arrow.
 You see here a tin.
 q - a tin.
 You descend the stairs.
 You feel tough!
 You must have been leading a healthy life-style.
 The door resists!
 The door opens.
 The door resists!
 The door opens.
 You hear someone cursing shoplifters.
 You see here 10 gold pieces.
 $ - 10 gold pieces (33 in total).
 You hear someone cursing shoplifters.
 You see here a lembas wafer.
 r - a lembas wafer.
 You swap places with your kitten.
 The door resists!
 The door resists!
 The door opens.
 You swap places with your kitten.
 Something is written here in the dust.
 You read: "Closed for inventory".
 This door is locked.
 This door is locked.
 This door is locked.
 In what direction? 2
 Whammm!!
 In what direction? 2
 As you kick the door, it crashes open!
 Makin appears next to you!
 "How dare you break my door?"
 Makin zaps a redwood wand!
 The wand misses you.
 Makin zaps a redwood wand!
 The wand hits you!
 You die...
 Makin takes all your possessions.
 Do you want to see what you had when you died? [ynq] (y) q

Inventory:
 Weapons  (')')
  l - a +0 dwarvish spear
  a - a blessed +2 bullwhip (weapon in right hand)
 Armor    ('[')
  c - an uncursed +0 fedora (being worn)
  m - an uncursed +0 orcish helm
  h - an uncursed +0 leather jacket (being worn)
 Comestibles  ('%')
  d - 4 uncursed food rations
  r - an uncursed lembas wafer
  q - a cursed rotten tin of newt meat
 Scrolls  ('?')
  k - an uncursed scroll of teleportation
 Potions  ('!')
  n - a blessed potion of enlightenment
 Tools    ('(')
  b - an empty uncursed sack
  i - a magic marker (0:20)
  p - a +0 pick-axe (alternate weapon; not wielded)
  f - a tinning kit (0:30)
 Gems/Stones  ('*')
  j - an uncursed worthless piece of yellow glass
  g - an uncursed touchstone

LDaviesPeters the Archeologist's attributes:

Background:
 You were a Digger, a level 1 female human Archeologist.
 You were neutral, on a mission for Camaxtli
 who was opposed by Quetzalcoatl (lawful) and Huhetotl (chaotic).
 You were right-handed.
 You were in the Dungeons of Doom, on level 2.
 You entered the dungeon 693 turns ago.
 There was a new moon in effect when your adventure ended.
 You had 19 experience points, 1 more was needed to attain level 2.

Basics:
 You had 0 out of 13 hit points.
 You had both energy points (spell power).
 Your armor class was 9.
 Your wallet was empty.
 Autopickup was off.

Final Characteristics:
 Your strength was 10 (limit:18/100).
 Your dexterity was 7 (limit:18).
 Your constitution was 15 (limit:18).
 Your intelligence was 18 (limit:18).
 Your wisdom was 17 (limit:18).
 Your charisma was 9 (limit:18).

Final Status:
 You weren't hungry.
 You were unencumbered.
 You were wielding a whip.
 You had basic skill with whip.

Final Attributes:
 You were fervently aligned.
 You had automatic searching.
 You were lucky.
 You are dead.

Miscellaneous:
 You didn't encounter any bones levels.
 Total elapsed playing time was 5 minutes and 30 seconds.

Major events:
 Turn
    1: LDaviesPeters the neutral female human Archeologist entered the dungeon
   87: entered the Gnomish Mines
  693: killed by a wand

You didn't know any spells.

Skills:
 Fighting Skills
   bare handed combat [Unskilled]
   two weapon combat  [Unskilled]
   riding             [Unskilled]
 Weapon Skills
   dagger             [Unskilled]
   knife              [Unskilled]
   pick-axe           [Basic]
   short sword        [Unskilled]
   saber              [Unskilled]
   club               [Unskilled]
   quarterstaff       [Unskilled]
   sling              [Unskilled]
   dart               [Unskilled]
   boomerang          [Unskilled]
   whip               [Basic]
   unicorn horn       [Unskilled]
 Spellcasting Skills
   attack spells      [Unskilled]
   healing spells     [Unskilled]
   divination spells  [Unskilled]
   matter spells      [Unskilled]

Voluntary challenges:
 Character rerolling was not enabled.
 You were an atheist.
 You never genocided any monsters.
 You never polymorphed an object.
 You never changed form.
 You used no wishes.
Achievement:
 You entered the Gnomish Mines.

 The Dungeons of Doom: levels 1 to 3
    Level 1:
    Level 2: <- You were here.
       A fountain.
       Stairs down to The Gnomish Mines.
       Final resting place for
          you, killed by a wand.
    Level 3:
 The Gnomish Mines:
    Level 3:


Vanquished creatures:
  5 jackals
  a goblin
  a grid bug
  a lichen
  a kobold zombie
  2 newts
11 creatures vanquished.

No species were genocided or became extinct.

Game over:
                       ----------
                      /          \
                     /    REST    \
                    /      IN      \
                   /     PEACE      \
                  /                  \
                  |  LDaviesPeters   |
                  |       0 Au       |
                  | killed by a wand |
                  |                  |
                  |                  |
                  |                  |
                  |       2026       |
                 *|     *  *  *      | *
        _________)/\\_//(\/(/\)/\//\/|_)_______

Goodbye LDaviesPeters the Archeologist...

You died in The Dungeons of Doom on dungeon level 2 with 176 points,
and 0 pieces of gold, after 693 moves.
You were level 1 with a maximum of 13 hit points when you died.

